 Dungeon Crawl Stone Soup version 0.25.1-2-g60ff931df9 (webtiles) character file.

Game seed: 8507636570248350249

528 snek11 the Magician (level 7, -3/47 HPs)
             Began as a Mummy Necromancer on Oct 13, 2020.
             Shot with an arrow by a centaur (9 damage)
             ... on level 4 of the Dungeon.
             The game lasted 00:28:11 (4617 turns).

snek11 the Magician (Mummy Necromancer)             Turns: 4617, Time: 00:28:12

Health: -3/47      AC:  4    Str: 11    XL:     7   Next: 3%
Magic:  16/16      EV: 12    Int: 16    God:
Gold:   145        SH:  0    Dex: 13    Spells: 13/18 levels left

rFire    x . .     SeeInvis .   f - +0 dagger
rCold    + + .     Gourm    .   (no shield)
rNeg     + + +     Faith    .   t - +0 leather armour
rPois    ∞         Spirit   .   (no helmet)
rElec    .         Reflect  .   (no cloak)
rCorr    .         Harm     .   (no gloves)
MR       .....                  v - +0 pair of boots
Stlth    ++........             x - amulet of regeneration
HPRegen  0.55/turn              u - ring of protection from cold
MPRegen  0.15/turn              (no ring)

@: no status effects
A: no food or potions, fire vulnerability, cold resistance 1, negative energy
resistance 3, torment resistance, unbreathing
a: no special abilities


You were on level 4 of the Dungeon.
You were not hungry.

You visited 1 branch of the dungeon, and saw 4 of its levels.

You collected 145 gold pieces.

Inventory:

Hand Weapons
 f - a +0 dagger (weapon)
Missiles
 g - 198 stones
 q - 11 boomerangs (quivered)
 r - 4 silver javelins
 s - 23 arrows
Armour
 a - a +0 robe
 l - a +3 ring mail
 p - a +0 chain mail
 t - a +0 leather armour (worn)
 v - a +0 pair of boots (worn)
Jewellery
 u - a ring of protection from cold (left hand)
 x - an amulet of regeneration (around neck)
 z - an uncursed amulet of faith
Wands
 w - a wand of iceblast (3)
Scrolls
 d - 3 scrolls of remove curse
 h - 2 scrolls of enchant armour {unknown}
 j - a scroll of fog
 k - a scroll of magic mapping {unknown}
 m - a scroll of teleportation
 n - 3 scrolls of identify
 y - a scroll of fear {unknown}
 A - a scroll of noise {unknown}
Potions
 b - 2 potions of heal wounds {unknown}
 e - a potion of stabbing {unknown}
 i - a potion of curing {unknown}
 o - a potion of invisibility {unknown}
Comestibles
 c - 8 rations


   Skills:
 + Level 0.4 Fighting
 + Level 1.1 Short Blades
 + Level 0.5 Throwing
 + Level 1.7 Armour
 + Level 2.0 Dodging
 + Level 1.8 Stealth
 + Level 6.2 Spellcasting
 + Level 5.7 Necromancy
 + Level 0.4 Evocations


You had 13 spell levels left.
You knew the following spells:

 Your Spells              Type           Power        Failure   Level  Hunger
a - Pain                  Necr           ###.         1%          1    N/A
b - Animate Skeleton      Necr           N/A          1%          1    N/A
c - Vampiric Draining     Necr           ###.......   4%          3    N/A

Your spell library contained the following spells:

 Spells                   Type           Power        Failure   Level  Hunger
 Animate Dead             Necr           N/A          16%         4    N/A
 Agony                    Necr           ###.....     41%         5    N/A

Dungeon Overview and Level Annotations

Branches:
Dungeon (4/15)
 Temple: D:4-7

Altars:
Fedhas


Innate Abilities, Weirdness & Mutations

You do not eat or drink.
Your flesh is vulnerable to fire.
You are immune to poison.
Your flesh is cold resistant. (rC+)
You are immune to negative energy. (rN+++)
You are immune to unholy pain and torment.
You can survive without breathing.


Message History

The arrow hits you!
The centaur shoots an arrow.
The arrow hits you.
You see here 2 arrows.
The centaur shoots an arrow.
The arrow hits you!
You see here an arrow.
Casting: Pain (safe; 1% risk of failure)
Confirm with . or Enter, or press ? or * to list all spells.
You can't see any susceptible monsters within range! (Use Z to cast anyway.)
Aiming: Iceblast
Press: ? - help, Shift-Dir - straight line, f - centaur
Aim: a centaur, wielding a +0 shortbow and quivering 12 arrows
Okay, then.
You open the door.
The centaur shoots an arrow.
The arrow hits you!
* * * LOW HITPOINT WARNING * * *
The centaur shoots an arrow.
The arrow hits you.
* * * LOW HITPOINT WARNING * * *
The centaur shoots an arrow.
The arrow closely misses you.
There is an open door here.
You see here an arrow.
The centaur shoots an arrow.
The arrow hits you!
You die...

..................
..................
..................
..................
..................
.....###########+##
.....# #...(#
.....# #....#
.....# #..@.#
.....### ###(###
.......######((...#
.......##.(.......#
.......##(.PPPP...#
.......##.PPPcP...#
........#.PP_PP.#.#
#######....PP[....#
##(...PPP..##


You could see a centaur.

Vanquished Creatures
  Menkaure (D:4)
  A phantom (D:4)
  An ogre (D:4)
  A hound (D:4)
  2 worker ants (D:4)
  Natasha (twice) (D:4)
  5 adders
  A shadow imp (D:4)
  An ooze (D:2)
  An adder skeleton (D:4)
  2 dart slugs (D:2)
  4 leopard geckos
  2 orcs (D:3)
  A ball python (D:3)
  7 giant cockroaches
  5 goblins
  7 hobgoblins
  2 jackals (D:4)
  6 bats
  5 frilled lizards
  2 kobolds (D:2)
  6 rats
65 creatures vanquished.

Vanquished Creatures (collateral kills)
  An orc (D:3)
  A hobgoblin (D:2)
  A kobold (D:2)
  A rat (D:3)
4 creatures vanquished.

Grand Total: 69 creatures vanquished

Notes
Turn   | Place    | Note
-------+----------+-------------------------------------------
     0 | D:1      | snek11 the Mummy Necromancer began the quest for the Orb.
     0 | D:1      | Reached XP level 1. HP: 13/13 MP: 4/4
     8 | D:1      | Learned a level 1 spell: Animate Skeleton
   317 | D:1      | Reached XP level 2. HP: 19/19 MP: 1/5
   678 | D:1      | Reached skill level 3 in Spellcasting
  1335 | D:2      | Reached XP level 3. HP: 24/24 MP: 0/7
  2449 | D:3      | Learned a level 3 spell: Vampiric Draining
  2564 | D:3      | Reached skill level 4 in Spellcasting
  2564 | D:3      | Reached XP level 4. HP: 26/30 MP: 0/10
  3438 | D:4      | Reached skill level 5 in Necromancy
  3567 | D:4      | Noticed Menkaure
  3592 | D:4      | Reached XP level 5. HP: 28/35 MP: 11/11
  3592 | D:4      | Killed Menkaure
  3592 | D:4      | Reached skill level 1 in Armour
  3592 | D:4      | Reached skill level 5 in Spellcasting
  3592 | D:4      | Reached XP level 6. HP: 33/41 MP: 12/14
  4059 | D:4      | Reached skill level 1 in Short Blades
  4173 | D:4      | Noticed Natasha
  4176 | D:4      | Killed Natasha
  4176 | D:4      | Reached skill level 6 in Spellcasting
  4430 | D:4      | Noticed Natasha
  4440 | D:4      | Killed Natasha
  4448 | D:4      | Reached XP level 7. HP: 47/47 MP: 16/16
  4604 | D:4      | Found a blossoming altar of Fedhas.
  4617 | D:4      | Shot with an arrow by a centaur

Illustrated notes

Levels and vault maps discovered:
D:1:      nzn_arrival_depleted_hourglass, layout_loops_ring
D:2:      layout_basic
D:3:      layout_basic, first_ration, hangedman_glass_teeth,
          chequers_serial_rivers_micro_d
D:4:      layout_gridville, fedhas_bush_and_centaur_altar, uniq_natasha,
          uniq_menkaure

Skill      XL: |  1  2  3  4  5  6 |
---------------+-------------------+-----
Spellcasting   | 3 4 5 6 |  6.2
Necromancy     | 5 |  5.7
Armour         | 1 |  1.7
Short Blades   | 1 |  1.1
Dodging        | 2 |  2.0
Fighting       | |  0.4
Throwing       | |  0.5
Stealth        | |  1.8
Evocations     | |  0.4

Action                   |  1- 3 |  4- 6 |  7- 9 || total
-------------------------+-------+-------+-------++-------
Melee: Dagger            |    46 |    40 |     1 ||    87
       Unarmed           |     3 |       |       ||     3
Throw: Boomerang         |       |     4 |       ||     4
       Javelin           |       |     3 |       ||     3
 Cast: Pain              |    73 |    37 |     4 ||   114
       Animate Skeleton  |     9 |     6 |       ||    15
       Vampiric Draining |     1 |     6 |       ||     7
Evoke: Wand              |       |     8 |     1 ||     9
  Use: Scroll            |       |     3 |       ||     3
Armor: Robe              |    16 |       |       ||    16
       Leather armour    |       |     9 |       ||     9
Dodge: Dodged            |    54 |    32 |     2 ||    88
